 Dungeon Crawl Stone Soup version 0.27.1-1-g398f81649c (webtiles) character file.

Game seed: 16108587310700041234

1 wingedge the Sneak (level 1, -3/14 HPs)
             Began as a Tengu Delver on Sept 12, 2021.
             Was an Initiate of Qazlal.
             Killed from afar by an orc wizard (5 damage)
             ... with a magic dart
             ... on level 4 of the Dungeon.
             The game lasted 00:04:33 (191 turns).

wingedge the Sneak (Tengu Delver)                    Turns: 191, Time: 00:04:33

Health: -3/14      AC:  3    Str: 12    XL:     1   Next: 20%
Magic:  2/2        EV: 12    Int: 10    God:    Qazlal [......]
Gold:   0          SH:  0    Dex: 15    Spells: 0/0 levels left

rFire    . . .     SeeInvis .   a - +0 spear
rCold    . . .     Faith    .   (no shield)
rNeg     . . .     Spirit   .   b - +0 leather armour
rPois    .         Reflect  .   (helmet restricted)
rElec    .         Harm     .   (no cloak)
rCorr    .         Rampage  .   (no gloves)
Will     .....                  (boots unavailable)
Stlth    +.........             (no amulet)
HPRegen  0.04/turn              (no ring)
MPRegen  0.08/turn              (no ring)

@: confused, attractive
A: beak, talons 3
a: Renounce Religion


You were on level 4 of the Dungeon.
You worshipped Qazlal.
Qazlal was noncommittal.
You visited 2 branches of the dungeon, and saw 3 of its levels.

Inventory:

Hand Weapons
 a - a +0 spear (weapon)
Armour
 b - a +0 leather armour (worn)
 h - a +0 ring mail
Wands
 g - a wand of digging (3)
Scrolls
 e - a scroll of fear
Potions
 f - a potion of haste


   Skills:
 * Level 3.0 Fighting
 + Level 2.2 Polearms
 * Level 2.2 Dodging
 + Level 5.0 Stealth
 + Level 0.0 Invocations


You couldn't memorise any spells.
You didn't know any spells.
Your spell library was empty.

Dungeon Overview and Level Annotations

Branches:
Dungeon (5/15)             Temple (1/1) D:5

Altars:
Ashenzari
Elyvilon
Fedhas
Gozag
Hepliaklqana
Makhleb
Qazlal
Ru
Sif Muna
Uskayaw
Vehumet
Wu Jian
Xom
Yredelemnul
Zin
The Shining One

Annotations:
D:5 Edmund


Innate Abilities, Weirdness & Mutations

You have a beak for a mouth.
You have claws for feet.


Message History

The orc wizard points at you and mumbles some strange words.
You are confused.
An orc wizard comes into view. It is wielding a +0 dagger.
There is an open door here.
The orc wizard points at you and mumbles some strange words.
You resist with significant effort.
You are too confused!
It was a potion of attraction.
You feel attractive to monsters. The orc wizard is pulled toward you!
Something is pulled toward you! The orc wizard is pulled toward you!
The orc wizard gestures wildly while chanting.
The orc wizard flickers and vanishes!
Something is pulled toward you! x2
You bump into the rock wall.
You hear some strange, mumbled words.
You are more confused.
Something hits you but does no damage. Something hits you.
You barely miss something. The orc wizard casts a spell at you.
Something hits you.
You miss something. You peck something.
You hear some strange, mumbled words.
Something tries to affect you, but you resist.
Something is pulled toward you!
You are too confused!
Unknown command.
You hit the orc wizard but do no damage.
Your peck misses the orc wizard.
You hear some strange, mumbled words.
A magic dart appears from out of thin air!
The magic dart hits you.
* * * LOW HITPOINT WARNING * * *
The orc wizard hits you with a +0 dagger.
* * * LOW HITPOINT WARNING * * *
You bump into the rock wall.
You hear some strange, mumbled words.
A magic dart appears from out of thin air!
The magic dart hits you.
You die...

.......#...o.#.......#
.?.....#.....+.......#
.......####+##§.......
.......§§§§.§§.§......
........§§§§..........
........o§.§..###+###.
........§§.§..#
....######'####...
....#@..#......... ...
#{o.'....##... ..
##########


You could see an orc wizard.

Vanquished Creatures
  A quokka (D:4)
1 creature vanquished.

Notes
Turn   | Place    | Note
-------+----------+-------------------------------------------
     0 | D:5      | wingedge the Tengu Delver began the quest for the Orb.
     0 | D:5      | Reached XP level 1. HP: 14/14 MP: 2/2
    59 | D:5      | Found a staircase to the Ecumenical Temple.
    62 | D:5      | Noticed an iguana
    73 | Temple   | Entered the Ecumenical Temple
    94 | Temple   | Became a worshipper of Qazlal Stormbringer
   133 | D:5      | Found a white marble altar of Elyvilon.
   141 | D:5      | Noticed Edmund
   160 | D:4      | Noticed an orc wizard
   170 | D:4      | Noticed an orc wizard
   181 | D:4      | Noticed an orc wizard
   191 | D:4      | Killed from afar by an orc wizard

Illustrated notes

Levels and vault maps discovered:
D:4:      layout_gridville, nicolae_shop_self_help, uniq_pikel, uniq_duvessa,
          uniq_robin, uniq_natasha, uniq_blork_the_orc
D:5:      layout_cave_pods, old_standard_altar, minmay_temple_entry_wispy,
          uniq_edmund
Temple:   minmay_freezing_vapour_temple

Action                   || total
-------------------------++-------
Melee: Spear             ||     5
       Peck              ||     1
  Use: Scroll            ||     2
       Potion            ||     1
Armor: Leather armour    ||     1
Dodge: Dodged            ||     2
